Map: Orbital Shipyard

Players

Barcode - Winner!

  • Race: Zerg Zerg
  • League: Diamond

LilDicky

  • Race: Terran Terran
  • League: Diamond

VOD

http://www.twitch.tv/tumescentpie

Description

Time

  • Played on: Dec. 14, 2015, 10:46 p.m.
  • Length: 10:16
Show
View Real Time Build Order
Export as new Build Order

Barcode Zerg - Winner!

Build Orders: Hatch First, Muta Ling Bane 

Get SALT Encoding   

  12  0:02  Drone  
  13  0:15  Overlord  
  13  0:19  Drone  
  14  0:33  Drone x2  
  16  0:39  Drone  
  17  0:53  Hatchery  
  16  0:58  Drone  
  16  1:00  Drone  
  18  1:16  Spawning Pool  
  18  1:18  Extractor  
  16  1:20  Drone  
  17  1:29  Drone  
  18  1:33  Drone  
  20  1:47  Drone  
  20  1:50  Hatchery  
  19  1:58  Overlord  
  19  2:07  Queen  
  21  2:11  Zergling x2  
  21  2:14  Zergling x2  
  23  2:22  Metabolic Boost  
  23  2:44  Queen  
  23  2:48  Drone  
  23  2:49  Drone x3  
  29  3:02  Drone  
  29  3:03  Drone x4  
  34  3:11  Queen  
  36  3:23  Drone  
  36  3:24  Drone x5  
  42  3:28  Overlord  
  42  3:31  Overlord  
  41  3:50  Drone x3  
  41  3:51  Drone x3  
  47  4:00  Overlord x2  
  47  4:01  Overlord  
  47  4:08  Drone x5  
  52  4:15  Lair  
  52  4:21  Extractor  
  51  4:29  Drone x2  
  51  4:30  Drone x7  
  60  4:44  Evolution Chamber, Baneling Nest  
  60  4:45  Drone  
  59  4:46  Evolution Chamber, Drone x7  
  59  4:51  Extractor  
  59  4:52  Extractor  
  63  5:00  Hatchery  
  62  5:10  Drone x6  
  62  5:11  Drone x3  
  62  5:12  Drone  
  72  5:15  Extractor  
  72  5:16  Extractor  
  72  5:20  Zergling x12  
  76  5:26  Zerg Melee Weapons Level 1  
  76  5:27  Zerg Ground Armor Level 1  
  76  5:33  Hatchery  
  75  5:47  Queen  
  75  5:49  Zergling x2  
  72  5:50  Zergling x6  
  72  5:52  Overlord  
  72  5:53  Overlord x4  
  72  5:59  Queen  
  72  6:03  Zergling x4  
  74  6:10  Queen  
  75  6:17  Zergling x6  
  75  6:18  Zergling x8  
  79  6:33  Zergling x12  
  83  6:40  Spire  
  80  6:50  Zergling x2  
  80  6:51  Zergling x10  
  82  6:57  Zergling x2  
  82  6:58  Zergling x10  
  82  6:59  Queen  
  90  7:01  Zergling x4  
  87  7:28  Drone x5  
  87  7:29  Drone  
  94  7:30  Drone x8  
  94  7:36  Zerg Ground Armor Level 2, Zerg Melee Weapons Level 2  
  101  7:38  Infestation Pit  
  101  7:41  Queen  
  102  7:48  Baneling  
  102  7:49  Baneling x11  
  102  7:50  Zergling x2  
  104  7:51  Zergling x26  
  104  7:55  Baneling x6  
  114  8:03  Zergling x10  
  119  8:08  Mutalisk  
  119  8:09  Mutalisk x2  
  125  8:16  Mutalisk  
  125  8:19  Overlord x3  
  121  8:20  Overlord x4  
  117  8:29  Zergling x2  
  117  8:30  Zergling x16  
  120  8:45  Centrifical Hooks  
  120  8:51  Mutalisk x6  
  120  8:52  Mutalisk x2  
  136  9:16  Drone x6  
  142  9:18  Overlord x5  
  142  9:19  Overlord  
  142  9:28  Extractor  
  142  9:29  Extractor  
Show
View Real Time Build Order
Export as new Build Order

LilDicky Terran 

Build Orders: Reaper Expand 

Get SALT Encoding   

  12  0:03  SCV  
  13  0:15  SCV  
  13  0:19  Supply Depot  
  14  0:27  SCV  
  15  0:28  Refinery  
  15  0:41  SCV  
  16  0:45  Barracks  
  16  0:53  SCV  
  17  1:05  SCV  
  18  1:17  SCV  
  19  1:32  Orbital Command  
  19  1:33  Reaper  
  20  1:45  Command Center  
  20  1:58  SCV  
  21  2:04  Factory  
  21  2:10  Marine  
  21  2:11  Supply Depot  
  21  2:13  SCV  
  23  2:33  SCV, Marine  
  25  2:45  SCV  
  25  2:48  Factory Tech Lab, Refinery  
  26  2:51  Starport, Marine  
  26  2:57  SCV  
  28  3:09  SCV, Marine  
  28  3:12  Orbital Command  
  30  3:20  Supply Depot  
  30  3:21  SCV  
  30  3:24  Siege Tank  
  34  3:32  Marine  
  34  3:33  SCV  
  36  3:34  Refinery  
  36  3:52  Marine  
  36  3:54  Medivac  
  36  3:55  SCV x2  
  41  4:03  Siege Tank  
  41  4:07  SCV x2  
  46  4:10  Marine  
  46  4:17  Barracks  
  47  4:19  SCV, Barracks  
  47  4:20  SCV  
  47  4:21  Supply Depot  
  49  4:24  Medivac  
  49  4:27  Marine  
  51  4:31  SCV  
  52  4:41  Supply Depot  
  52  4:43  Siege Tank  
  55  4:45  Marine  
  55  4:46  SCV x2  
  58  4:56  Supply Depot  
  58  4:58  SCV  
  59  5:03  Marine  
  59  5:06  Barracks Tech Lab x2  
  60  5:09  Command Center, Medivac  
  62  5:15  Siege Tank  
  62  5:17  SCV  
  62  5:18  SCV, Refinery  
  67  5:23  Marine  
  67  5:24  Marine  
  67  5:26  Supply Depot  
  59  6:15  Marine x3  
  59  6:16  Stimpack, Medivac  
  59  6:17  Siege Tank  
  66  6:33  Reaper, Marine x2  
  66  6:35  Orbital Command  
  69  6:42  Supply Depot  
  69  6:43  Barracks  
  69  6:44  Barracks x4  
  69  6:50  Marine  
  70  6:56  Orbital Command  
  70  6:58  Marine  
  74  7:01  Siege Tank  
  74  7:04  Marine  
  75  7:08  Marine  
  76  7:17  Marauder  
  76  7:22  Marine  
  75  7:26  Marine  
  77  7:38  Marine  
  77  7:40  Marine  
  76  8:01  Marine  
  76  8:02  Marine x6  
  76  8:03  Siege Tank, Medivac  
  74  8:27  Marine x2  
  74  8:28  Marine  
  74  8:33  Medivac  
  73  8:36  Marine  
  73  8:37  Marine x4  
  76  8:41  SCV x3  
  76  8:45  Marine x3  
  78  8:51  Factory  
  78  8:52  Factory x2, Engineering Bay x2  
  78  8:53  Supply Depot, SCV x2  
  78  8:54  Marine x2  
  78  8:55  Marine x3  
  85  9:01  SCV  
  82  9:03  Marine x3  
  82  9:05  SCV x2  
  82  9:06  Siege Tank  
  82  9:09  Medivac  
  92  9:13  Marine x3  
  92  9:14  Barracks Reactor  
  92  9:15  Barracks Reactor, Starport  
  95  9:21  Barracks, Marine  
  98  9:25  Concussive Shells  
  98  9:28  Barracks Tech Lab x2  
  98  9:30  Marine x2  
  98  9:31  Marine  
  99  9:37  Widow Mine  
  101  9:39  Marine  
  102  9:49  Command Center, Marauder x2  
  102  9:51  Command Center  
  102  9:52  Supply Depot  
  106  9:53  Supply Depot  
  106  9:54  Supply Depot, Factory Tech Lab x2  
  79  10:09  Factory Tech Lab  
Tags
 
Add a new tag
Caveats
  • Supply blocks, unpowered buildings, or Contaminate may cause inaccurate times.
  • Supply counts are checked every 10 seconds.